 Dungeon Crawl Stone Soup version 0.20.1-1-g8b1a95d (webtiles) character file.

811 Folque the Caller (level 7, -1/45 HPs)
             Began as an Octopode Wizard on Nov 11, 2017.
             Killed by nerve-wracking pain
             ... invoked by an orc priest
              (13 damage)
             ... on level 5 of the Dungeon.
             The game lasted 00:29:13 (5651 turns).

Folque the Caller (Octopode Wizard)                 Turns: 5651, Time: 00:29:14

Health: -1/45      AC:  1    Str:  8    XL:     7   Next: 93%
Magic:  2/14       EV: 13    Int: 22    God:
Gold:   284        SH:  0    Dex: 11    Spells: 7/15 levels left

rFire    + . .     SeeInvis .   z - +3 hand axe (elec)
rCold    . . .     Gourm    .   (no shield)
rNeg     . . .     Faith    .   a - +0 hat
rPois    .         Spirit   .   (no amulet)
rElec    .         Reflect  .   q - ring of protection from fire
rCorr    .         Harm     .   t - +2 ring of strength
MR       .....                  (no ring)
Stlth    +++.......             (no ring)
Regen    0.2/turn               (no ring)
MPRegen  0.2/turn               (no ring)
                                (no ring)
                                (no ring)

@: very slightly contaminated
A: almost no armour, stealthy swim, amphibious, 8 rings, constrict 8, camouflage
1, gelatinous body 1
a: no special abilities


You were on level 5 of the Dungeon.
You were not hungry.

You visited 1 branch of the dungeon, and saw 5 of its levels.

You collected 284 gold pieces.

Inventory:

Hand Weapons
 d - a +0 whip
 u - a +0 spear
 v - a +0 falchion
 z - a +3 hand axe of electrocution (weapon)
 B - a +0 arbalest
Armour
 a - a +0 hat (worn)
 n - a cursed +0 buckler
Jewellery
 m - an uncursed ring of ice {unknown}
 q - a ring of protection from fire (left tentacle)
 t - a +2 ring of strength (right tentacle)
Wands
 o - a wand of acid (3/15)
Scrolls
 f - a scroll of fear {unknown}
 h - 3 scrolls of enchant weapon {unknown}
 i - 2 scrolls of remove curse
 j - 3 scrolls of magic mapping
 l - a scroll of enchant armour {unknown}
 s - a scroll of random uselessness {unknown}
 x - 3 scrolls of identify
Potions
 e - a potion of haste {unknown}
 g - a potion of lignification {unknown}
 p - 4 potions of curing {unknown}
 r - 2 potions of magic
Books
 b - a book of Minor Magic

   Spells                             Type                      Level
   a - Magic Dart                     Conjuration                  1
   b - Blink                          Translocation                2
   c - Call Imp                       Summoning                    2
   d - Slow                           Hexes                        2
   e - Conjure Flame                  Conjuration/Fire             3
   f - Mephitic Cloud                 Conjuration/Poison/Air       3
 w - a book of Dreams

   Spells                             Type                      Level
   a - Ensorcelled Hibernation        Hexes/Ice                    2
   b - Silence                        Hexes/Air                    5
   c - Darkness                       Hexes                        6
   d - Shadow Creatures               Summoning                    6
Comestibles
 c - 4 bread rations
 k - a meat ration


   Skills:
 - Level 2.4 Fighting
 - Level 2.0 Dodging
 - Level 2.6 Stealth
 + Level 4.8 Spellcasting
 - Level 3.2 Conjurations
 * Level 5.3 Summonings
 - Level 1.0 Translocations
 - Level 3.3 Poison Magic


You had 7 spell levels left.
You knew the following spells:

 Your Spells              Type           Power        Failure   Level  Hunger
a - Magic Dart            Conj           ###.         2%          1    None
b - Call Imp              Summ           ####....     1%          2    None
c - Blink                 Tloc           N/A          11%         2    None
d - Mephitic Cloud        Conj/Pois/Air  ##......     12%         3    ##.....


Dungeon Overview and Level Annotations

Branches:
Dungeon (5/15)
 Temple: D:4-7

Altars:
Ashenzari
Elyvilon
Fedhas


Innate Abilities, Weirdness & Mutations

You cannot wear most types of armour.
You are very stealthy in the water. (Stealth+)
You are amphibious.
You can wear up to eight rings at the same time.
You can use your tentacles to constrict eight enemies at once.
Your skin changes colour to match your surroundings (Stealth+).
Your rubbery body absorbs attacks. (AC +1, EV +1)


Message History

The centaur is engulfed in noxious fumes.
The centaur appears confused.
You hear a shout!
Really walk into that cloud of noxious fumes?
Okay, then.
The centaur covers its eyes.
You hit the centaur.
The centaur is heavily wounded.
The orc priest miscasts a cantrip.
Casting: Mephitic Cloud
Confirm with . or Enter, or press ? or * to list all spells.
Aiming: Magic Dart
Press: ? - help, Shift-Dir - straight line, p - centaur
Okay, then.
The centaur barely misses you.
You hit the centaur. Lightning courses through the centaur!
You kill the centaur!
The orc priest calls down the wrath of Beogh upon you.
Pain shoots through your body!
You die...

#.........# ##.......##
#.........# #.........#
#.........# #.........#
#.........# ##....)..##
##....@))# #.#####)## #.#
#(o# #.# ##(# . ##.#
##(###....
..######..#####(........
............o...).......
##.#...#.###....).......
#.....#.###....c...o....#####


You could see an orc priest.

Vanquished Creatures
  A centaur (D:5)
  A scorpion (D:4)
  3 orc priests
  A centaur skeleton (D:4)
  9 orc wizards
  An adder (D:2)
  3 oozes
  3 dart slugs
  A leopard gecko (D:3)
  17 orcs
  7 giant cockroaches
  5 hobgoblins
  2 jackals (D:4)
  6 kobolds
  A quokka (D:4)
  2 bats
  2 frilled lizards
  7 goblins
  2 leopard gecko skeletons (D:4)
  A quokka skeleton (D:4)
  5 rats
  A plant (D:1)
81 creatures vanquished.

Vanquished Creatures (collateral kills)
  The ghost of fili the Firebug, an amateur DrFE (D:3)
  A howler monkey (D:5)
  A jelly (D:5)
  A hound (D:5)
  3 orc priests
  4 adders
  3 worms
  10 orcs
  A bat (D:3)
  2 goblins
  A hobgoblin (D:3)
  3 jackals (D:2)
  A jackal zombie (D:5)
32 creatures vanquished.

Vanquished Creatures (others)
  An orc priest (D:3)
  A plant (D:1)
2 creatures vanquished.

Grand Total: 115 creatures vanquished

Notes
Turn   | Place    | Note
-------+----------+-------------------------------------------
     0 | D:1      | Folque the Octopode Wizard began the quest for the Orb.
     0 | D:1      | Reached XP level 1. HP: 11/11 MP: 4/4
   118 | D:1      | Reached skill level 1 in Fighting
   163 | D:1      | Reached XP level 2. HP: 14/18 MP: 6/6
   387 | D:1      | Learned a level 2 spell: Call Imp
   390 | D:1      | Learned a level 2 spell: Blink
   842 | D:1      | Reached XP level 3. HP: 20/24 MP: 1/7
   847 | D:1      | Learned a level 3 spell: Mephitic Cloud
  1190 | D:2      | Reached skill level 1 in Poison Magic
  1598 | D:2      | Reached XP level 4. HP: 21/29 MP: 0/9
  1900 | D:3      | Noticed fili's ghost (amateur DrFE)
  2103 | D:3      | Killed fili's ghost
  2103 | D:3      | Reached XP level 5. HP: 34/34 MP: 1/10
  2188 | D:3      | Found a blossoming altar of Fedhas.
  2755 | D:3      | Reached XP level 6. HP: 40/40 MP: 1/11
  3342 | D:4      | Found a shattered altar of Ashenzari.
  3585 | D:4      | Reached skill level 2 in Summonings
  4075 | D:3      | Reached skill level 3 in Summonings
  4319 | D:3      | Reached XP level 7. HP: 43/45 MP: 3/13
  4729 | D:4      | Reached skill level 4 in Summonings
  5163 | D:5      | Entered Level 5 of the Dungeon
  5163 | D:5      | Found a white marble altar of Elyvilon.
  5622 | D:5      | Reached skill level 5 in Summonings
  5651 | D:5      | Killed from afar by an orc priest

Skill      XL: |  1  2  3  4  5  6  7 |
---------------+----------------------+-----
Fighting       | 1 2 |  2.4
Poison Magic   | 1 3 |  3.3
Conjurations   | 2 3 |  3.2
Summonings     | 3 5 |  5.3
Spellcasting   | 4 |  4.8
Dodging        | |  2.0
Stealth        | |  2.6
Translocations | |  1.0

Action                   |  1- 3 |  4- 6 |  7- 9 || total
-------------------------+-------+-------+-------++-------
Melee: Unarmed           |     7 |       |       ||     7
       Whip              |    82 |    30 |       ||   112
       Constrict         |    21 |    32 |     8 ||    61
       Tentacles         |     8 |    17 |     5 ||    30
       Spear             |       |    26 |       ||    26
       Falchion          |       |    66 |    24 ||    90
       Hand axe          |       |       |    20 ||    20
 Cast: Magic Dart        |    18 |    19 |     7 ||    44
       Call Imp          |    12 |    24 |    10 ||    46
       Blink             |     2 |     2 |     1 ||     5
       Mephitic Cloud    |       |    12 |    16 ||    28
Evoke: Wand              |       |     1 |       ||     1
  Use: Scroll            |     3 |     3 |     2 ||     8
 Stab: Sleeping          |     6 |     5 |     1 ||    12
       Distracted        |     1 |       |       ||     1
       Confused          |       |     2 |     2 ||     4
  Eat: Chunk             |     2 |    11 |     4 ||    17
       Fruit             |       |       |     1 ||     1
Armor: Skin              |     2 |    10 |     2 ||    14
Dodge: Dodged            |    38 |    68 |    29 ||   135
       Rpst.: Falchion   |       |     7 |     6 ||    13
